[Event "Early-Titled-Tuesday-Blitz-May-14-2024"]
[Site "Chess.com"]
[Date "2024.05.14"]
[Round "3"]
[White "Cherepov_Alexej"]
[Black "Maluco_do_Natal_00"]
[Result "0-1"]
[WhiteElo "2415"]
[BlackElo "2041"]
[TimeControl "180+1"]
[EndTime "8:29:33 PDT"]
[Termination "Maluco_do_Natal_00 won by resignation"]

1. d4 d5 2. c4 c6 3. Nc3 Nf6 4. Nf3 dxc4 5. a4 Bf5 6. Ne5 Qc7 7. f3 Nbd7 8. Nxc4 e5 9. dxe5 Nxe5 10. e4 Be6 11. Nxe5 Qxe5 12. f4 Qa5 13. Bd3 Bb4 14. Bd2 Rd8 15. Qe2 Bg4 16. Qe3 Bc5 17.
Qg3 Bh5 18. e5 Ng4 19. Ne4 Bb4 20. h3 Bxd2+ 21. Nxd2 Nf2 22. Qxf2 Rxd3 23. g4 Bg6 24. f5 Qxe5+ 25. Kf1 Qd5 26. Re1+ Kd8 27. Re2 Qxh1+ 28. Qg1 Qxg1+ 29. Kxg1 Re8 30. Rf2 Re1+ 31. Kg2 Rd1 32. Ne4 Bxf5 33. gxf5 f6 34. Nc5 R3d2 35.
Ne6+ Ke7 36. Nxg7 Rxf2+ 37. Kxf2 Rd2+ 38. Ke3 Rxb2 39. h4 Kf7 40. Nh5 Rb4 41. Ng3 Rxh4 42.
Ne2 Rxa4 43. Nc3 Ra3 44. Kd4 Rxc3 45. Kxc3 h5 0-1

[Event "Early-Titled-Tuesday-Blitz-May-14-2024"]
[Site "Chess.com"]
[Date "2024.05.14"]
[Round "3"]
[White "HanSchut"]
[Black "AnaKuchava"]
[Result "0-1"]
[WhiteElo "2388"]
[BlackElo "2204"]
[TimeControl "180+1"]
[EndTime "8:29:33 PDT"]
[Termination "AnaKuchava won by resignation"]

1. e4 c5 2. Nf3 d6 3. d4 cxd4 4. Nxd4 Nf6 5. f3 e5 6. Bb5+ Nbd7 7. Nf5 Qb6 8. c4 a6 9. Ba4 g6 10. Ne3 Bg7 11. Nc3 O-O 12. Bxd7 Bxd7 13. Ned5 Qd8 14. Bg5 Rc8 15. b3 Kh8 16. O-O h6 17. Be3 b5 18.
cxb5 axb5 19. Nxf6 Qxf6 20. Nd5 Qd8 21. Qd2 Kh7 22.
a4 bxa4 23. bxa4 f5 24. a5 Bb5 25. Rfc1 fxe4 26. fxe4 Qh4 27. Nc3 Ba6 28. Bf2 Qf6 29.
Nd5 Qf7 30. Rab1 Rxc1+ 31. Rxc1 Rb8 32. h3 Qb7 33. Rc7 Qb1+ 34. Kh2 Rf8 35. Ne3 Qxe4 36. Ng4 Qf4+ 37. Bg3 Qxd2 0-1

[Event "Early-Titled-Tuesday-Blitz-May-14-2024"]
[Site "Chess.com"]
[Date "2024.05.14"]
[Round "3"]
[White "Nitzan_Steinberg"]
[Black "Andrey_Klymchuk"]
[Result "1-0"]
[WhiteElo "2962"]
[BlackElo "2708"]
[TimeControl "180+1"]
[EndTime "8:29:34 PDT"]
[Termination "Nitzan_Steinberg won by resignation"]

1. e4 c5 2. Nf3 Nc6 3. d4 cxd4 4.
Nxd4 g6 5. c4 Nf6 6. Nc3 d6 7.
Be2 Nxd4 8. Qxd4 Bg7 9. Be3 O-O 10. Qd2 Be6 11. f3 Qa5 12. Kf2 Rfc8 13. Nd5 Qxd2 14. Bxd2 Bxd5 15. exd5 b5 16. b3 bxc4 17. Bxc4 a5 18.
Rac1 a4 19. b4 a3 20. Bb3 Nd7 21. Rxc8+ Rxc8 22. Rc1 Rxc1 23. Bxc1 Bb2 24. Bd2 f5 25. Ke2 Ne5 26. Be3 Kf7 27. b5 Ke8 28. b6 Kd8 29. f4 Nd7 30. Kd3 Nc5+ 31. Kc4 Kc8 32. Bc2 Kb7 33.
Kb5 Bc3 34. h3 Bb2 35. g4 fxg4 36. hxg4 Bc3 37. g5 Bb2 38. f5 gxf5 39. Bxf5 Bg7 40. Bxh7 Nd7 41. Bf5 Nc5 42. g6 Na6 43. Bc8+ Kxc8 44.
Kxa6 Kb8 45. b7 1-0

[Event "Early-Titled-Tuesday-Blitz-May-14-2024"]
[Site "Chess.com"]
[Date "2024.05.14"]
[Round "3"]
[White "Shushik"]
[Black "chessfatbear"]
[Result "0-1"]
[WhiteElo "2548"]
[BlackElo "2891"]
[TimeControl "180+1"]
[EndTime "8:29:34 PDT"]
[Termination "chessfatbear won on time"]

1. e4 c6 2. d4 d5 3. e5 Bf5 4. Nf3 e6 5. Be2 Nd7 6. O-O Ne7 7. Nbd2 a6 8. Nb3 Nc8 9. a4 Be7 10. a5 h6 11. Bd2 Na7 12. Rc1 c5 13.
c4 dxc4 14. Bxc4 Bg4 15. Re1 Nc6 16. Bf4 cxd4 17. Nbxd4 Nxd4 18. Qxd4 Bxf3 19. gxf3 Qxa5 20. Bd2 Qb6 21. Qg4 g6 22. b3 h5 23. Qg2 Bb4 24.
Bxb4 Qxb4 25. Bxe6 fxe6 26. Qxg6+ Kd8 27. Red1 Qe7 28. Rd6 Rc8 29. Rcd1 Re8 30. Rxd7+ Qxd7 31. Rxd7+ Kxd7 32. Qf7+ Re7 33. Qxh5 Rc1+ 34. Kg2 Rg7+ 35. Kh3 Rc8 36. f4 Rf8 37. Qd1+ Kc8 38. Qc2+ Kb8 0-1

[Event "Early-Titled-Tuesday-Blitz-May-14-2024"]
[Site "Chess.com"]
[Date "2024.05.14"]
[Round "3"]
[White "VirtualCoach"]
[Black "JJDAREK"]
[Result "1-0"]
[WhiteElo "2192"]
[BlackElo "2385"]
[TimeControl "180+1"]
[EndTime "8:29:35 PDT"]
[Termination "VirtualCoach won on time"]

1. e4 d6 2. d4 Nf6 3. Nc3 g6 4. Be3 a6 5. a4 Bg7 6. Qd2 O-O 7.
f3 e5 8. O-O-O exd4 9. Bxd4 Nc6 10. Be3 Be6 11. g4 b5 12. h4 bxa4 13. Nxa4 Rb8 14. h5 Rb4 15. Nc3 Qb8 16. hxg6 fxg6 17. Bh6 Bxh6 18. Qxh6 Rf7 19. g5 Nd7 20. Nh3 Rxb2 21.
Nf4 Nf8 22. Nxe6 Nxe6 23. Bc4 Ncd8 24. Nd5 Rb1+ 25. Kd2 Rxd1+ 26. Rxd1 Qb2 27. Rh1 Qd4+ 28. Bd3 c5 29. Nf6+ Rxf6 30. gxf6 Qxf6 31. Qe3 Nc6 32. Rf1 Ncd4 33. f4 Nc6 34. f5 gxf5 35. Rxf5 Qh4 36.
Qg1+ Ng7 37. Bc4+ 1-0

[Event "Early-Titled-Tuesday-Blitz-May-14-2024"]
[Site "Chess.com"]
[Date "2024.05.14"]
[Round "3"]
[White "BardArtem"]
[Black "Aryan_Tamadon"]
[Result "1-0"]
[WhiteElo "2759"]
[BlackElo "2523"]
[TimeControl "180+1"]
[EndTime "8:29:36 PDT"]
[Termination "BardArtem won by checkmate"]

1. b3 Nf6 2. Bb2 g6 3. g3 Bg7 4. Bg2 O-O 5. c4 d6 6. d4 c6 7.
Nf3 Qc7 8. O-O Re8 9. Nc3 e5 10. d5 e4 11. Nd4 c5 12. Nc2 a6 13. Ne3 h5 14. h3 Qe7 15. Qc2 Nbd7 16. Rae1 b5 17.
cxb5 axb5 18. Nxb5 Rxa2 19. Bxf6 Nxf6 20. Qxa2 Bd7 21.
Nc3 h4 22. g4 Qe5 23. Rc1 Qf4 24. Rfd1 Nh7 25. Qd2 Be5 26. Nf1 e3 27. Qxe3 Qb4 28.
Qd3 Ng5 29. Qc4 Qb8 30. f4 Bd4+ 31. Rxd4 cxd4 32. Qxd4 Nh7 33. Ne4 Qxb3 34. Nxd6 Rd8 35. Rc7 Qb8 36. Qa7 Qb2 37. Rxd7 Rf8 38. Rxf7 g5 39. Rxf8+ Nxf8 40. Qf7+ Kh8 41. Qxf8+ Kh7 42. Be4# 1-0

[Event "Early-Titled-Tuesday-Blitz-May-14-2024"]
[Site "Chess.com"]
[Date "2024.05.14"]
[Round "3"]
[White "blitzking1729"]
[Black "kinga2008"]
[Result "1-0"]
[WhiteElo "2754"]
[BlackElo "2518"]
[TimeControl "180+1"]
[EndTime "8:29:37 PDT"]
[Termination "blitzking1729 won by resignation"]

1. c4 e5 2. Nc3 c6 3. Nf3 Qc7 4. d4 exd4 5. Qxd4 Nf6 6. Bf4 Qa5 7. e3 Na6 8. a3 Qc5 9. Be2 Qxd4 10. Nxd4 Bc5 11.
Nf5 O-O 12. b4 Bb6 13. Bd6 Re8 14. Ne7+ Kh8 15. c5 Bc7 16. Bxa6 Bxd6 17. cxd6 bxa6 18. O-O g6 19. Rfd1 Kg7 20. f3 Ng8 21. Nxg8 Rxe3 22. Na4 Kxg8 23. Nc5 a5 24. Re1 Rxe1+ 25. Rxe1 axb4 26.
Re8+ Kg7 27. axb4 a5 28. Nxd7 axb4 29. Nc5 Ra1+ 30. Kf2 b3 31. Nxb3 Ra2+ 32. Kg3 Bd7 33. Re7 Bf5 34. d7 Bxd7 35. Rxd7 Rc2 36. Nd4 Rc4 37.
Ne6+ Kf6 38. Nd8 h5 39. Rxf7+ Kg5 40. Ne6+ Kh6 41. h4 c5 42. Ng5 1-0

[Event "Early-Titled-Tuesday-Blitz-May-14-2024"]
[Site "Chess.com"]
[Date "2024.05.14"]
[Round "3"]
[White "Crazy_girl99"]
[Black "PlotnikovPavel"]
[Result "1-0"]
[WhiteElo "2653"]
[BlackElo "2439"]
[TimeControl "180+1"]
[EndTime "8:29:37 PDT"]
[Termination "Crazy_girl99 won on time"]

1. e4 e6 2. d4 d5 3. e5 Ne7 4.
f4 Nf5 5. Nf3 c5 6. c3 Nc6 7.
Na3 cxd4 8. cxd4 Bxa3 9. bxa3 Qa5+ 10. Kf2 Qc3 11. Bd2 Qxa3 12. Bb5 O-O 13. Bxc6 bxc6 14.
g4 Ne7 15. Qb3 Qxb3 16. axb3 f6 17. Bb4 Rf7 18. exf6 gxf6 19. Rhc1 Bb7 20. Re1 Ng6 21. Kg3 Bc8 22. Bc5 Rb8 23. b4 a6 24. h4 Rg7 25.
Rac1 Ne7 26. Bxe7 Rxe7 27. Rxc6 Bd7 28. Rxa6 Rxb4 29. Ra7 Rb3 30. Rc1 e5 31. dxe5 Rxf3+ 32. Kxf3 Bxg4+ 33. Kxg4 Rxa7 34. exf6 Kf7 35. Kf5 Rd7 36.
Re1 d4 37. Rg1 d3 38. Rg7+ Ke8 39. Ke6 Rf7 40. Rxf7 d2 41. Rd7 1-0

[Event "Early-Titled-Tuesday-Blitz-May-14-2024"]
[Site "Chess.com"]
[Date "2024.05.14"]
[Round "3"]
[White "yonaltimur"]
[Black "emiliocordova"]
[Result "0-1"]
[WhiteElo "2376"]
[BlackElo "2892"]
[TimeControl "180+1"]
[EndTime "8:29:37 PDT"]
[Termination "emiliocordova won on time"]

1. e4 c5 2. Nf3 d6 3. Bb5+ Nd7 4. O-O a6 5. Bd3 b5 6. c3 Bb7 7. Re1 Ne5 8. Bc2 c4 9. Nxe5 dxe5 10. d3 cxd3 11.
Bxd3 e6 12. Qe2 Bc5 13. a4 bxa4 14. Rxa4 Qc8 15. Be3 Bxe3 16. Qxe3 Nf6 17. Nd2 O-O 18. f3 Rd8 19. Nc4 Qc7 20. Rea1 Rab8 21. Bf1 h6 22. Qb6 Qe7 23. Nxe5 Bxe4 24. Qf2 Bb7 25. Bxa6 Qc7 26. Bxb7 Qxe5 27. Ba6 Nd7 28. Bf1 Nb6 29. Ra6 Nd5 30. R6a5 Qf4 31. g3 Qc7 32. f4 Nf6 33. h3 Ne4 34. Qe3 Nd2 35. b4 Rbc8 36. Rc5 Qd6 37.
Rxc8 Rxc8 38. Rd1 Rd8 39. Be2 f6 40. b5 g5 41. fxg5 hxg5 42. c4 Qb4 43. b6 e5 44.
Rxd2 Rxd2 45. Qxd2 Qxd2 0-1

[Event "Early-Titled-Tuesday-Blitz-May-14-2024"]
[Site "Chess.com"]
[Date "2024.05.14"]
[Round "3"]
[White "Rud_Makarian"]
[Black "ArtemDyachuk"]
[Result "1-0"]
[WhiteElo "2952"]
[BlackElo "2702"]
[TimeControl "180+1"]
[EndTime "8:29:38 PDT"]
[Termination "Rud_Makarian won by checkmate"]

1. d4 Nf6 2. c4 g6 3. Nc3 Bg7 4. e4 d6 5. Be2 O-O 6. Be3 e5 7. d5 a5 8. g4 Na6 9. g5 Nd7 10. h4 Ndc5 11. h5 f5 12. gxf6 Qxf6 13. hxg6 hxg6 14. Nf3 Bg4 15. Ng5 Bxe2 16. Qxe2 a4 17.
O-O-O Qe7 18. Qg4 a3 19. Qh4 axb2+ 20. Kb1 Rf6 21. Rh3 Kf8 22. Nh7+ Ke8 23. Bg5 Nd7 24. Nxf6+ Nxf6 25. Rf3 Kf7 26. Rdd3 Rh8 27. Bxf6 Qxf6 28.
Rxf6+ Bxf6 29. Qg4 Nc5 30. Rh3 Re8 31. Na4 Kg8 32.
Qxg6+ Bg7 33. Qxe8+ Bf8 34. Rg3+ Kh8 35. Qh5+ Bh6 36. Qxh6# 1-0

[Event "Early-Titled-Tuesday-Blitz-May-14-2024"]
[Site "Chess.com"]
[Date "2024.05.14"]
[Round "3"]
[White "maurovargas01"]
[Black "ab-lsv"]
[Result "0-1"]
[WhiteElo "1962"]
[BlackElo "2359"]
[TimeControl "180+1"]
[EndTime "8:29:39 PDT"]
[Termination "ab-lsv won on time"]

1. e4 c6 2. Nc3 d5 3. d3 g6 4.
Bf4 Bg7 5. Qd2 e5 6. Bg3 Be6 7.
Nge2 d4 8. Nb1 Qb6 9. Qc1 c5 10. Nd2 Nc6 11. b3 Qc7 12. a3 Nf6 13. Rb1 b5 14. b4 c4 15. dxc4 bxc4 16. b5 c3 17. Nb3 Bxb3 18. Rxb3 Na5 19. Rb4 Nxe4 20. h3 Nxg3 21.
Nxg3 O-O 22. Bd3 Nb7 23. O-O Nc5 24. Rc4 Qb6 25. a4 Nxd3 26. cxd3 Rfc8 27. Ne4 a6 28. Qc2 axb5 29. axb5 f5 30. Ng3 Qxb5 31. Rb1 Qd7 32. Rcb4 Rc7 33. Rb8+ Rxb8 34. Rxb8+ Bf8 35. Qb3+ Kg7 0-1

[Event "Early-Titled-Tuesday-Blitz-May-14-2024"]
[Site "Chess.com"]
[Date "2024.05.14"]
[Round "3"]
[White "Dedic8"]
[Black "ketster"]
[Result "1-0"]
[WhiteElo "2899"]
[BlackElo "2623"]
[TimeControl "180+1"]
[EndTime "8:29:40 PDT"]
[Termination "Dedic8 won by resignation"]

1. d4 d5 2. c4 e6 3. Nc3 Nf6 4. cxd5 exd5 5. Bg5 Bb4 6. e3 h6 7. Bh4 g5 8. Bg3 Ne4 9. a3 Bxc3+ 10. bxc3 h5 11.
f3 Nxg3 12. hxg3 Qe7 13. Kf2 Bf5 14. g4 Bg6 15. gxh5 Rxh5 16. Rxh5 Bxh5 17. Qb3 c6 18. c4 dxc4 19. Bxc4 g4 20. fxg4 Bxg4 21. Nf3 Bxf3 22. gxf3 Nd7 23. Rh1 O-O-O 24. Rh7 Nb6 25. Bxf7 Kb8 26.
a4 Nd7 27. Bg6 Qf6 28. Be4 Qd6 29. Bf5 a5 30. Qf7 Kc7 31. Ke2 Qd5 32. Qxd5 cxd5 33.
e4 dxe4 34. fxe4 Kd6 35. e5+ Kc6 36. Bxd7+ Rxd7 37. Rxd7 Kxd7 38. Kd3 Kc7 39. Kc4 Kc6 40. d5+ Kc7 41. Kb5 b6 42. d6+ Kd7 43. Kxb6 1-0

[Event "Early-Titled-Tuesday-Blitz-May-14-2024"]
[Site "Chess.com"]
[Date "2024.05.14"]
[Round "3"]
[White "MyDream003"]
[Black "motivated_bishop"]
[Result "1-0"]
[WhiteElo "2839"]
[BlackElo "2502"]
[TimeControl "180+1"]
[EndTime "8:29:40 PDT"]
[Termination "MyDream003 won by resignation"]

1. e4 e5 2. Nf3 Nc6 3. Bc4 Bc5 4.
c3 Nf6 5. d3 d6 6. h3 a6 7. O-O h6 8. Be3 Ba7 9. a4 O-O 10. Bxa7 Rxa7 11. Nbd2 Be6 12. Bxe6 fxe6 13. Re1 Qe8 14. Nf1 Ra8 15. Ng3 Nh5 16. Nxh5 Qxh5 17. Nh2 Qf7 18. Qf3 Qe8 19. Qg4 Rf4 20. Qe2 Qg6 21.
g3 Raf8 22. Rf1 d5 23. Rae1 h5 24. Kh1 R4f6 25. Kg2 d4 26. Rd1 Ne7 27. Kh1 Qe8 28. cxd4 exd4 29. Qc2 Qd7 30. f4 e5 31. f5 g6 32. g4 hxg4 33. hxg4 gxf5 34. gxf5 Rh6 35. Qd2 Kh7 36. Rg1 Ng8 37. Rg3 Nf6 38. Rdg1 Rf7 39.
Qxh6+ Kxh6 40. Rh3+ Nh5 41. Ng4+ Kg5 42. Nxe5+ 1-0

[Event "Early-Titled-Tuesday-Blitz-May-14-2024"]
[Site "Chess.com"]
[Date "2024.05.14"]
[Round "3"]
[White "Legendinunknown"]
[Black "CristhianPortalR"]
[Result "1-0"]
[WhiteElo "2829"]
[BlackElo "2538"]
[TimeControl "180+1"]
[EndTime "8:29:40 PDT"]
[Termination "Legendinunknown won by checkmate"]

1. Nf3 d5 2. c4 c6 3. d4 Nf6 4.
Nbd2 e6 5. e3 Ne4 6. Qc2 f5 7. Bd3 Bd6 8. O-O Nd7 9. Ne1 Qh4 10.
g3 Qh3 11. Ng2 O-O 12. f4 Ndf6 13. Nxe4 Ng4 14. Nf6+ Rxf6 15. Nh4 Rh6 16. Nf3 Qh5 17.
Qg2 Bd7 18. Bd2 Kh8 19. Rfe1 Rg8 20. Be2 Be7 21. Ne5 Be8 22. Nxg4 fxg4 23. Bd3 Qf7 24. e4 Qf6 25. Bc3 dxc4 26. e5 Qf8 27. Bxc4 Rh5 28. Bxe6 Bf7 29. Bxg4 Rh6 30. Rad1 Bd5 31. Bf3 Bxa2 32.
Ra1 Bc4 33. Rxa7 Ba6 34. d5 Bc5+ 35. Kh1 Bxa7 36. e6 cxd5 37. Bxd5 Qd6 38. Qe4 Re8 39. e7 Qb6 40. Qf5 Qc5 41. Bxg7+ Kxg7 42. Qf7+ Kh8 43. Qxe8+ Kg7 44. Qf8+ Kg6 45. e8=Q# 1-0

[Event "Early-Titled-Tuesday-Blitz-May-14-2024"]
[Site "Chess.com"]
[Date "2024.05.14"]
[Round "3"]
[White "JiaHaoxiang"]
[Black "KatakuriDono"]
[Result "1-0"]
[WhiteElo "2599"]
[BlackElo "2313"]
[TimeControl "180+1"]
[EndTime "8:29:40 PDT"]
[Termination "JiaHaoxiang won on time"]

1. e4 c5 2. d4 cxd4 3. c3 d5 4. exd5 Nf6 5. c4 e6 6. dxe6 Bxe6 7. Nf3 Bc5 8. Bd3 Nc6 9. a3 a5 10. O-O O-O 11. Bg5 h6 12. Bh4 Be7 13. Nbd2 Nd7 14. Bg3 Nc5 15. Qc2 Qd7 16. Bh7+ Kh8 17. Ne4 f5 18.
Nxc5 Bxc5 19. Bg6 d3 20. Qc3 Nd4 21. Qxd3 Nxf3+ 22. Qxf3 Bxc4 23. Rfd1 Qe6 24. Rac1 Rad8 25.
Re1 Qxg6 26. Rxc4 Bd6 27. Bxd6 Rxd6 28. Qxb7 Rfd8 29. g3 Rd2 30. Rc8 Qf6 31. Rxd8+ Rxd8 32. Qb5 f4 33. Qxa5 f3 34. Qh5 Ra8 35. Re8+ Rxe8 36. Qxe8+ Kh7 37. Qe4+ Kh8 38. h4 Kg8 39. Qc2 Qd4 40. Qc8+ Kh7 41. Qf5+ Kh8 42. Qxf3 Qxb2 43. Kg2 Qa1 44. Qa8+ Kh7 45. a4 h5 46. a5 Qa4 47. a6 Qa5 48. a7 Qa2 49. Qe4+ 1-0

[Event "Early-Titled-Tuesday-Blitz-May-14-2024"]
[Site "Chess.com"]
[Date "2024.05.14"]
[Round "3"]
[White "Nasrin_Babayeva"]
[Black "AnnaChessLook"]
[Result "0-1"]
[WhiteElo "1925"]
[BlackElo "2353"]
[TimeControl "180+1"]
[EndTime "8:29:40 PDT"]
[Termination "AnnaChessLook won by resignation"]

1. c4 Nf6 2. g3 c5 3. Bg2 g6 4. Nc3 Bg7 5. Nf3 O-O 6. O-O Nc6 7. d3 d6 8. a3 Rb8 9. Rb1 a6 10. b4 cxb4 11. axb4 b5 12. cxb5 axb5 13. Bd2 d5 14. Bf4 Rb6 15. d4 Bf5 16. Rb3 Ne4 17.
e3 Nxc3 18. Rxc3 Nxb4 19. Qb3 Nc6 20. Rc5 b4 21. Rxd5 Qc8 22. Rc5 Qa6 23. Nh4 Na5 24. Qa4 Bd3 25. Rxa5 Qc8 26. Ra1 b3 27. Rc5 Qg4 28. h3 Qe2 29. Bf1 Qd2 30. Bxd3 Qxd3 31. Qa3 b2 32. Qxd3 bxa1=Q+ 33. Kh2 Rb2 34. Rc2 Rb1 35. Kg2 Rg1+ 36. Kf3 Qa8+ 37. e4 h5 38. Rc3 Rd8 39.
d5 Bxc3 40. Qxc3 Ra1 41. Bh6 Ra3 42. Qxa3 Qxa3+ 43. Kg2 Qb4 0-1

[Event "Early-Titled-Tuesday-Blitz-May-14-2024"]
[Site "Chess.com"]
[Date "2024.05.14"]
[Round "3"]
[White "aljado"]
[Black "Josgar05"]
[Result "0-1"]
[WhiteElo "2142"]
[BlackElo "2443"]
[TimeControl "180+1"]
[EndTime "8:29:41 PDT"]
[Termination "Josgar05 won on time"]

1. e4 g6 2. d4 Bg7 3. Nc3 c6 4. Nf3 d5 5. exd5 cxd5 6. Bb5+ Nc6 7. O-O Nf6 8. Ne5 Bd7 9. Nxd7 Qxd7 10. Bg5 O-O 11.
Re1 a6 12. Ba4 b5 13. Bb3 e6 14. a4 b4 15. Ne2 Ne4 16. Be3 a5 17. c4 bxc3 18.
Nxc3 Nd6 19. Rc1 Rab8 20. Re2 Nxd4 21. Bxd4 Bxd4 22. Qxd4 Rxb3 23. Qc5 Nc4 24. Nb5 Rc8 25.
Qd4 Rb4 26. Qf6 Nd6 27. Rxc8+ Qxc8 28. Re1 Nxb5 29. axb5 Rxb5 30. h4 h5 31. g4 Qc4 32.
gxh5 Qg4+ 33. Kf1 Qxh5 34. Rc1 Rb8 35. Rc7 Rf8 36. Ra7 a4 37. Qc3 Qd1+ 38. Kg2 Qg4+ 39. Kf1 Qxh4 40. Qe5 Qh3+ 41. Ke2 Qf5 42. Qd4 Rc8 43.
Rxa4 Rc2+ 44. Kf1 Qh3+ 45. Kg1 Rc1+ 0-1

[Event "Early-Titled-Tuesday-Blitz-May-14-2024"]
[Site "Chess.com"]
[Date "2024.05.14"]
[Round "3"]
[White "Djager97"]
[Black "kekic76"]
[Result "1-0"]
[WhiteElo "2535"]
[BlackElo "2324"]
[TimeControl "180+1"]
[EndTime "8:29:42 PDT"]
[Termination "Djager97 won on time"]

1. e4 c6 2. d4 d5 3. exd5 cxd5 4. Bd3 Nf6 5. h3 Nc6 6. c3 e6 7. Nf3 Be7 8. O-O O-O 9. Bf4 b6 10. Nbd2 a5 11. Re1 Ba6 12. Bc2 Rc8 13. Ne5 b5 14. Ndf3 b4 15. Nxc6 Rxc6 16. Ne5 Rc8 17. Re3 bxc3 18. bxc3 Bd6 19. Rg3 g6 20. h4 h5 21. Bxg6 fxg6 22. Rxg6+ Kh7 23. Rh6+ Kg7 24.
Qf3 Bxe5 25. dxe5 Ng4 26. Rxh5 Nxe5 27. Bxe5+ Kg6 28. Rg5+ Qxg5 29. Qxf8 Rxf8 30. hxg5 Kxg5 31. Rb1 Bc4 32. a3 Kf5 33. f4 Rg8 34. Kf2 Bd3 35.
Rb7 Ke4 36. Rb6 Rg6 37. g3 Bc4 38. Rb7 Rh6 39. Kg2 Kd3 40. g4 Ke4 41. g5 Rg6 42.
Kg3 Kf5 43. Rf7+ Ke4 44. Rf6 Bb5 45. Rxg6 1-0

[Event "Early-Titled-Tuesday-Blitz-May-14-2024"]
[Site "Chess.com"]
[Date "2024.05.14"]
[Round "3"]
[White "KnightDuta"]
[Black "Art10ECHR"]
[Result "1-0"]
[WhiteElo "2721"]
[BlackElo "2500"]
[TimeControl "180+1"]
[EndTime "8:29:43 PDT"]
[Termination "KnightDuta won on time"]

1. d4 d5 2. Bf4 Nf6 3. e3 g6 4. Nc3 c6 5. h4 h5 6. Nf3 Bg4 7. Be2 Bxf3 8. Bxf3 Nbd7 9. Qe2 Qb6 10. O-O-O Bg7 11.
e4 dxe4 12. Nxe4 Nxe4 13. Qxe4 Nf6 14. Qe2 e6 15. Be5 O-O 16. Kb1 Rad8 17. g4 hxg4 18. Bxg4 Nd5 19. Rh3 Bxe5 20. Qxe5 Qc7 21. Qg5 Qf4 22.
Rdh1 Kg7 23. c3 Qxg5 24. hxg5 Rh8 25. Kc2 Rxh3 26. Rxh3 Nc7 27. b4 Ne8 28. Kd3 Rd5 29. f4 Rd8 30. Bf3 Nd6 31. Rh1 Nf5 32. a4 a6 33. Kc4 Ne3+ 34. Kc5 Nf5 35. Kb6 Nd6 36.
Kc7 1-0

[Event "Early-Titled-Tuesday-Blitz-May-14-2024"]
[Site "Chess.com"]
[Date "2024.05.14"]
[Round "3"]
[White "ImportedItalianMaple"]
[Black "ChessboArt"]
[Result "1-0"]
[WhiteElo "2593"]
[BlackElo "2260"]
[TimeControl "180+1"]
[EndTime "8:29:43 PDT"]
[Termination "ImportedItalianMaple won by resignation"]

1. e4 c6 2. d4 d5 3. e5 g6 4. c4 Be6 5. cxd5 Bxd5 6. Nc3 f6 7. Nf3 Bf7 8. Bf4 Bg7 9. Bd3 Nd7 10. O-O fxe5 11. dxe5 Be6 12. Ng5 Nc5 13. Nxe6 Nxe6 14. Bg3 Qd4 15. Qb3 Nc5 16. Qc4 O-O-O 17. Qf7 Bxe5 18. Bc4 Bxg3 19. hxg3 Nf6 20. Rad1 Qe5 21. Rde1 Nce4 22. Nxe4 Nxe4 23. Qe6+ Qxe6 24. Bxe6+ Kc7 25. Rxe4 Rd2 26. Bb3 Rxb2 27. Rxe7+ Kb6 28. Rd1 h5 29. Rdd7 h4 30. Rxb7+ Kc5 31. gxh4 Rxh4 32. g3 Rd4 33. Rbd7 Rb4 34. Re5+ Kb6 35. Rd6 a5 36. Ree6 Rb1+ 37.
Kg2 Rc1 38. Rxg6 a4 39. Bf7 Rb2 40. Be8 Rbc2 41. Rxc6+ Rxc6 42. Rxc6+ Rxc6 43. Bxc6 Kxc6 44. g4 Kc5 45. g5 Kb4 46. g6 Ka3 47. g7 Kxa2 48. g8=Q+ Kb2 49. f4 a3 50. f5 a2 51.
Qxa2+ Kxa2 52. f6 1-0

[Event "Early-Titled-Tuesday-Blitz-May-14-2024"]
[Site "Chess.com"]
[Date "2024.05.14"]
[Round "3"]
[White "manmanlai1"]
[Black "francyIM"]
[Result "0-1"]
[WhiteElo "2593"]
[BlackElo "2878"]
[TimeControl "180+1"]
[EndTime "8:29:44 PDT"]
[Termination "francyIM won on time"]

1. e4 c6 2. d4 d5 3. exd5 cxd5 4. c4 Nf6 5. Nc3 g6 6. Nf3 Bg7 7. h3 O-O 8. Bf4 Nc6 9. c5 Ne4 10. Bb5 Qa5 11. Bxc6 bxc6 12. Bd2 Nxd2 13. Qxd2 Ba6 14. a3 Rab8 15. b4 Qc7 16. Ne2 e5 17. O-O e4 18. Ne1 Bxe2 19. Qxe2 Bxd4 20. Rd1 Be5 21.
Nc2 a5 22. b5 Rxb5 23. Rxd5 cxd5 24. Qxb5 Rb8 25. Qa4 Qxc5 26. Ne3 d4 27. Ng4 Bg7 28.
Qd7 h5 29. Nh2 d3 30. Kh1 Bd4 31. g4 hxg4 32. Nxg4 Kg7 33. Kg2 Rb6 34. Rc1 Qd6 35. Qe8 Qe6 36. Qd8 Rd6 37. Qh4 e3 38. Rb1 Qd5+ 39.
f3 Rd8 40. Qh6+ Kg8 41. Rb6 Qf5 42. Nxe3 Bxe3 43. Qxe3 d2 0-1

[Event "Early-Titled-Tuesday-Blitz-May-14-2024"]
[Site "Chess.com"]
[Date "2024.05.14"]
[Round "3"]
[White "betta2004"]
[Black "Flawless_Fighter"]
[Result "1-0"]
[WhiteElo "2512"]
[BlackElo "2691"]
[TimeControl "180+1"]
[EndTime "8:29:44 PDT"]
[Termination "betta2004 won by checkmate"]

1. Nf3 d5 2. e3 c6 3. b3 Nf6 4.
Bb2 Bg4 5. Be2 e6 6. Ne5 Bxe2 7. Qxe2 Nbd7 8. O-O Nxe5 9. Bxe5 Bd6 10. f4 Qc7 11. d4 Ne4 12. Nd2 Nxd2 13. Qxd2 f6 14. Bxd6 Qxd6 15. c4 O-O 16. Qd3 Rad8 17. Rad1 Rfe8 18. e4 dxe4 19. Qxe4 c5 20. dxc5 Qxd1 21. Rxd1 Rxd1+ 22. Kf2 Re7 23. c6 bxc6 24. Qxc6 Rd2+ 25. Ke3 Rxa2 26. h4 h5 27. Qc5 Kf8 28. g3 e5 29. fxe5 fxe5 30.
Qc8+ Re8 31. Qf5+ Kg8 32. Qxh5 Rb8 33. Qxe5 Rxb3+ 34. Kf4 Rf2+ 35. Kg4 Rf6 36. h5 Rff3 37.
Qe8+ Kh7 38. Qe4+ Kg8 39. Qxf3 Rxf3 40. Kxf3 Kf7 41. g4 Ke6 42. g5 Kf5 43. c5 a5 44. h6 gxh6 45. gxh6 Kg6 46. c6 a4 47. c7 a3 48. c8=Q a2 49. Qc2+ Kxh6 50. Qxa2 Kg5 51. Qe6 Kh4 52. Qg8 Kh5 53. Kf4 Kh6 54. Kf5 Kh5 55. Kf6 Kh4 56. Kf5 Kh3 57. Kf4 Kh2 58.
Kf3 Kh1 59. Qg2# 1-0

[Event "Early-Titled-Tuesday-Blitz-May-14-2024"]
[Site "Chess.com"]
[Date "2024.05.14"]
[Round "3"]
[White "Evan_Attaker"]
[Black "RamonManon0g"]
[Result "1-0"]
[WhiteElo "2637"]
[BlackElo "2431"]
[TimeControl "180+1"]
[EndTime "8:29:44 PDT"]
[Termination "Evan_Attaker won by resignation"]

1. Nf3 Nf6 2. c4 g6 3. b3 Bg7 4. Bb2 O-O 5. e3 c6 6. Be2 d5 7. d3 Nbd7 8. a3 b6 9. Qc2 Bb7 10. Nbd2 Rc8 11. O-O Nc5 12. Rac1 e6 13. Rfd1 Qe7 14.
Qb1 Rfe8 15. Qa1 Nh5 16. Bxg7 Nxg7 17. Qb2 e5 18. Nxe5 Qxe5 19. Qxe5 Rxe5 20. d4 Nxb3 21. Nxb3 Re7 22. c5 b5 23. Na5 Rce8 24. a4 a6 25. Ra1 Ne6 26. Bf1 f5 27. g3 Ng5 28.
Bg2 Ne4 29. Rdb1 Ba8 30. Rb2 Nc3 31. axb5 axb5 32. Nb3 Na4 33. Rba2 g5 34. Nc1 f4 35. exf4 gxf4 36. Nd3 fxg3 37. hxg3 Bb7 38. Rxa4 bxa4 39.
Rxa4 Ra8 40. Rb4 Ra1+ 41. Kh2 Ra2 42. g4 Ba6 43. Ne5 Rxf2 44. Kg3 Ra2 45. Rb6 Ra3+ 46. Kh4 Ra2 47. Nxc6 Rxg2 48. Nxe7+ Kf7 49. Nxd5 Bc8 50. Rf6+ Kg7 51. Rf4 Be6 52. Ne3 Rg1 53. d5 Bd7 54. c6 1-0

[Event "Early-Titled-Tuesday-Blitz-May-14-2024"]
[Site "Chess.com"]
[Date "2024.05.14"]
[Round "3"]
[White "PapaieDudu"]
[Black "Dolphin_2010"]
[Result "0-1"]
[WhiteElo "2379"]
[BlackElo "2621"]
[TimeControl "180+1"]
[EndTime "8:29:45 PDT"]
[Termination "Dolphin_2010 won by resignation"]

1. e4 c6 2. d4 d5 3. e5 Bf5 4.
c3 e6 5. Nf3 c5 6. Be3 cxd4 7.
cxd4 Nc6 8. Nc3 Bb4 9. Bb5 Ne7 10. O-O O-O 11. Rc1 Rc8 12. Bg5 Qa5 13. Ba4 Bg4 14. Bxc6 Nxc6 15. a3 Bxf3 16. axb4 Bxd1 17. bxa5 Bb3 18.
Nb5 Bc4 19. Nd6 Bxf1 20. Nxc8 Rxc8 21. Kxf1 Kf8 22. Rc5 Ke8 23. Be3 Kd7 24. Ke2 b6 25. axb6 axb6 26. Rb5 Kc7 27. Kd3 Ra8 28. Rb3 Kb7 29.
Bd2 Ra4 30. Bc3 Ra1 31. Ra3 Rh1 32. h3 Rh2 33. b4 Rxg2 34. b5 Na7 35. Rb3 Rh2 36.
Kc2 Rxf2+ 37. Kd3 Rf3+ 38. Kc2 Rxh3 39. Rb4 h5 40. Rb1 Rf3 41. Rg1 g6 42. Rb1 g5 43.
Bb4 Nxb5 44. Be7 Nxd4+ 45. Kd2 g4 46. Bc5 Nb3+ 47. Rxb3 Rxb3 0-1